 Dungeon Crawl Stone Soup version 0.22-a0-396-g3f858e3 (webtiles) character file.

17 Collin1234 the Skirmisher (level 2, 0/27 HPs)
             Began as a Hill Orc Fighter on May 3, 2018.
             Slain by a jackal (1 damage)
             ... on level 1 of the Dungeon.
             The game lasted 00:01:43 (391 turns).

Collin1234 the Skirmisher (Hill Orc Fighter)         Turns: 391, Time: 00:01:44

Health: 0/27       AC:  3    Str: 18    XL:     2   Next: 62%
Magic:  2/2        EV:  9    Int:  8    God:
Gold:   35         SH:  9    Dex: 10    Spells: 1/1 levels left

rFire    . . .     SeeInvis .   a - +0 rapier
rCold    . . .     Gourm    .   c - +0 shield
rNeg     . . .     Faith    .   e - +0 leather armour (curse)
rPois    .         Spirit   .   (no helmet)
rElec    .         Reflect  .   (no cloak)
rCorr    .         Harm     .   (no gloves)
MR       .....                  (no boots)
Stlth    +.........             (no amulet)
HPRegen  0.09/turn              (no ring)
MPRegen  0.08/turn              (no ring)

@: no status effects
A: no striking features
a: no special abilities


You were on level 1 of the Dungeon.
You were not hungry.

You visited 1 branch of the dungeon, and saw 1 of its levels.

You collected 35 gold pieces.

Inventory:

Hand Weapons
 a - a +0 rapier (weapon)
Armour
 b - a +0 scale mail
 c - a +0 shield (worn)
 e - a cursed +0 leather armour (worn)
 h - a +0 leather armour
Jewellery
 g - a cursed +5 ring of evasion
 l - a cursed ring of loudness {unknown}
Scrolls
 k - a scroll of enchant armour {unknown}
Potions
 d - a potion of might
 i - a potion of heal wounds {unknown}
Comestibles
 f - a ration


   Skills:
 + Level 3.9 Fighting
 + Level 2.1 Short Blades
 + Level 3.4 Armour
 + Level 0.4 Dodging
 + Level 3.6 Shields


You had one spell level left.
You didn't know any spells.

Dungeon Overview and Level Annotations

Branches:
Dungeon (1/15)

Altars:


Message History

The jackal barely misses you. You block the jackal's attack.
The jackal barely misses you. You block the jackal's attack. x2
The jackal closely misses you.
You hit the jackal.
You kill the jackal!
You hit the jackal.
The jackal is severely wounded.
You block the jackal's attack. The jackal bites you.
* * * LOW HITPOINT WARNING * * *
You hit the jackal but do no damage.
The jackal is severely wounded.
The jackal barely misses you. The jackal bites you.
* * * LOW HITPOINT WARNING * * *
You closely miss the jackal.
The jackal is severely wounded.
The jackal bites you.
* * * LOW HITPOINT WARNING * * *
The jackal bites you.
You die...

≈≈≈≈≈≈≈** ######## ≈≈≈≈≈≈≈≈**
#......# ≈≈≈≈≈≈≈≈≈* #......######
≈≈≈≈≈≈≈***######.......[...#
≈≈≈≈≈≈** #....#...........##
...,,** #....#............#
....,* #....#.....[......#
≈....######....#............####
≈P♣..†........wh@.............>#
♣♣.............#......##..#######
♣............)............# #.#
###........########.####.#### #.#
#........# #..##.....# #.#
#........# #..##..##.###.#
#........# #..##.......#.#
#........# #...#..##.#.#..
###...†....########.........#.##.


You could see a dart slug and a jackal.

Vanquished Creatures
  A leopard gecko (D:1)
  2 giant cockroaches (D:1)
  A goblin (D:1)
  2 hobgoblins (D:1)
  2 jackals (D:1)
  4 bats (D:1)
  2 frilled lizards (D:1)
14 creatures vanquished.

Notes
Turn   | Place    | Note
-------+----------+-------------------------------------------
     0 | D:1      | Collin1234 the Hill Orc Fighter began the quest for the Orb.
     0 | D:1      | Reached XP level 1. HP: 19/19 MP: 1/1
   127 | D:1      | Reached XP level 2. HP: 22/27 MP: 2/2
   390 | D:1      | HP: 1/27 [jackal (2)]
   391 | D:1      | Slain by a jackal

Vault maps used:
D:1:      dpeg_arrival_tiny_a, serial_bayou_ford_a

Action                   || total
-------------------------++-------
Melee: Rapier            ||    45
  Use: Scroll            ||     3
Armor: Leather armour    ||    52
       Scale mail        ||     9
Dodge: Dodged            ||    62
Block: Shield            ||    88

Table legend:
 A = Spawn XP
 B = Non-spawn XP
 C = Spawn XP percentage of total XP
 D = Spawn monster count
 E = Non-spawn monster count
 F = Spawn count percentage of total count
 G = Total turns spent on level
                    A         B        C        D         E        F      G
               +---------+---------+-------+---------+---------+-------+---------
         Total |       0 |      25 |   0.0 |       0 |      14 |   0.0 |   391
               +---------+---------+-------+---------+---------+-------+---------
           D:1 |       0 |      25 |   0.0 |       0 |      14 |   0.0 |   391
               +---------+---------+-------+---------+---------+-------+---------
